 Dungeon Crawl Stone Soup version 0.29-a0-757-g358383bc75 (console) character file.

Game seed: 5513593427475021594

134801 jejorda2 the Impaler (level 17, -45/144 HPs)
             Began as a Merfolk Berserker on June 30, 2022.
             Was a High Priest of Trog.
             Annihilated by jejorda2's illusion (illusionary) (57 damage)
             ... woven by Mara
             ... on level 4 of the Shoals on July 1, 2022.
             The game lasted 01:35:48 (29418 turns).

jejorda2 the Impaler (Merfolk Berserker)           Turns: 29418, Time: 01:35:49

Health: -45/144    AC: 26    Str: 27    XL:     17   Next: 17%
Magic:  17/17      EV: 10    Int:  7    God:    Trog [*****.]
Gold:   2753       SH:  0    Dex: 14    Spells: 16/16 levels left

rFire   + . .      SeeInvis +   a - +0 glaive (flame)
rCold   + . .      Faith    .   (shield currently unavailable)
rNeg    + . .      Spirit   .   R - +2 plate armour {rF+}
rPois   +          Reflect  .   v - +1 helmet of Greater Demons {rN+ rCorr}
rElec   +          Harm     .   i - -1 cloak of Parts Unknown {rElec rPois Str-3 SInv}
rCorr   +          Rampage  .   G - +2 pair of gloves
Will    +++..                   F - +2 pair of boots {Fly}
Stlth   ..........              Q - amulet of regeneration
HPRegen 2.14/turn               o - +6 ring of strength
MPRegen 0.15/turn               g - ring of protection from cold

@: strong-willed, on berserk cooldown, flying, regenerating, slowed, very slow
A: (nimble swimmer 2), mertail
a: Renounce Religion, Berserk, Trog's Hand, Brothers in Arms


You were on level 4 of the Shoals.
You worshipped Trog.
Trog was extremely pleased with you.
You visited 4 branches of the dungeon, and saw 27 of its levels.
You also visited: Gauntlet and Ice Cave.

You collected 2959 gold pieces.
You spent 206 gold pieces at shops.

Inventory:

Hand Weapons
 a - a +0 glaive of flaming (weapon)
 u - a +2 antimagic halberd
Missiles
 b - 105 stones
 e - 3 boomerangs of dispersal
 q - 5 curare-tipped darts
 s - 26 javelins
 t - 5 datura-tipped darts
 y - 4 throwing nets
 A - 24 boomerangs (quivered)
 E - 28 poisoned darts
 O - 7 silver javelins
Armour
 i - the -1 cloak of Parts Unknown (worn) {rElec rPois Str-3 SInv}
   (You found it in a Gauntlet)

   Str:       It affects your strength (-3).
   rElec:     It insulates you from electricity.
   rPois:     It protects you from poison.
   SInv:      It lets you see invisible.
 v - the +1 helmet of Greater Demons (worn) {rN+ rCorr}
   (You found it in a Gauntlet)

   rN:        It protects you from negative energy.
   rCorr:     It protects you from acid and corrosion.
 F - a +2 pair of boots of flying (worn)
 G - a +2 pair of gloves (worn)
 R - a +2 plate armour of fire resistance (worn)
Jewellery
 g - a ring of protection from cold (right hand)
 o - a +6 ring of strength (left hand)
 Q - an amulet of regeneration (around neck)
 U - the ring "Rotere" {*Slow rN+ Str+4 Dex+6 SInv}
   (You found it on level 3 of the Shoals)

   [ring of dexterity]

   Str:       It affects your strength (+4).
   Dex:       It affects your dexterity (+6).
   rN:        It protects you from negative energy.
   SInv:      It lets you see invisible.
   *Slow:     It may slow you when you take damage.
Wands
 k - a wand of polymorph (14)
 w - a wand of mindburst (5)
 B - a wand of iceblast (8)
 H - a wand of flame (44)
 I - a wand of charming (30)
Scrolls
 d - 5 scrolls of poison
 f - a scroll of fear
 h - a scroll of blinking
 j - a scroll of silence
 p - a scroll of brand weapon
 r - 5 scrolls of summoning
 M - a scroll of enchant armour
 N - 12 scrolls of identify
 P - 3 scrolls of fog
 T - 2 scrolls of immolation
 W - 15 scrolls of teleportation
Potions
 c - 16 potions of curing
 l - 8 potions of mutation
 m - a potion of invisibility
 n - 2 potions of resistance
 x - 4 potions of haste
 z - 3 potions of might
 J - 5 potions of heal wounds
 K - 2 potions of cancellation
 L - a potion of ambrosia
Miscellaneous
 C - a tin of tremorstones (2/2)
 D - a condenser vane
 S - a phial of floods


   Skills:
 - Level 16.0 Fighting
 + Level 20.1 Polearms
 - Level 16.0 Throwing
 * Level 10.5 Armour
 + Level 6.6 Dodging
 - Level 4.0 Stealth
 + Level 6.3 Evocations


You had 16 spell levels left.
You didn't know any spells.
Your spell library was empty.

Dungeon Overview and Level Annotations

Branches:
Dungeon (15/15)            Temple (0/1) D:7            Lair (6/6) D:8
 Shoals (4/4) Lair:2        Snake (0/4) Lair:2        Slime (0/5) Lair:5
    Orc (2/2) D:10            Elf (0/3) Orc:2        Vaults (0/5) D:13
 Depths (0/4) D:15          IceCv (visited)         Gauntlet (visited)

Altars:
Cheibriados
Dithmenos
Elyvilon
Hepliaklqana
Okawaru
Qazlal
Trog
Uskayaw
Wu Jian
Xom
Yredelemnul
The Shining One

Shops:
D:3 :   D:4 [!   D:7 :   Orc:1 :   Orc:2 ((*(   Shoals:2 :

Portals:
Trove: D:12 (give 4 scrolls of fog)

Annotations:
D:3 1 runed translucent door
D:5 2 transporters, zhov's ghost, novice MiFi
Shoals:4 Mara


Innate Abilities, Weirdness & Mutations

((You are very nimble when in or above water. (Stealth+, EV+, Speed+++)))
Your lower body shifts to a powerful aquatic tail in water.


Message History

Mara is moderately wounded.
Mara weaves an illusion.
Mara shimmers and seems to become three!
You hit Mara but do no damage.
Mara is moderately wounded.
Mara blinks!
Mara gestures at you. The bolt of fire hits you!! You resist.
A faun comes into view. It is wielding a +0 spear.
Mara says, "Difficult is the way of exertion, difficult to pass, difficult to enter upon."
You closely miss Mara.
Mara is moderately wounded.
The faun unwields a +0 spear.
The faun wields a +0 sling.
The faun shoots a sling bullet.
The sling bullet barely misses you.
The sling bullet hits Mara!
You miss Mara.
Mara is moderately wounded.
Mara blinks!
You slice Mara!! You burn Mara.
Mara is severely wounded.
The faun shoots a sling bullet.
The sling bullet hits you.
Mara hits you with a +3 demon whip of electrocution!!
Mara gestures at you.
There is a horrible, sudden wrenching feeling in your soul!
You barely miss Mara.
Mara is severely wounded.
Mara says, "I mislead the hearts of men!"
Mara hits you with a +3 demon whip of electrocution.
The faun shoots a sling bullet.
The sling bullet hits you but does no damage.
You feel a strong urge to attack something.
You are no longer berserk.
You are exhausted.
You feel yourself slow down. Jejorda2's illusion hits you!!
* * * LOW HITPOINT WARNING * * *
Jejorda2's illusion burns you.
* * * LOW HITPOINT WARNING * * *
There is a stone staircase leading up, spattered with blood here.
Jejorda2's illusion hits you!!!
You die...

≈≈≈≈P....##..≈## .
≈≈≈≈P....+...≈.+≈c.
≈≈≈≈....≈##...##≈..
≈≈≈≈......#..##≈≈.#
≈≈≈≈.P.....≈......#
≈≈≈≈.......≈..≈.≈#
≈≈≈≈.P##.†.≈.....#
≈≈≈≈..##).§R.#.≈.#
≈≈≈≈.....†@≈^.....#
≈≈≈≈≈<..<.R@.#...##
≈≈≈≈≈≈...≈≈R.#...#
≈≈≈≈≈≈≈≈≈≈≈≈≈.#...#
≈≈≈≈≈≈≈≈≈≈≈≈≈##...
≈≈≈≈≈≈≈≈≈≈≈≈≈≈)#≈≈
≈≈≈≈≈≈≈≈≈≈≈≈≈≈≈
≈≈≈≈≈≈≈≈≈≈≈≈≈≈≈≈
≈≈≈≈≈≈≈≈≈≈≈≈≈≈≈


You could see 3 Maras, a faun and jejorda2's illusion (berserk).

Vanquished Creatures
  Nikola (Shoals:1)
  A kraken (Shoals:2)
  The ghost of Liimbo the Severer, an adept FoWn of the Shining One (Shoals:3)
  Nessos (D:14)
  A dire elephant (D:15)
  A minotaur (Gauntlet)
  Snorg (Orc:1)
  2 merfolk impalers
  Josephine (D:14)
  5 boulder beetles
  6 catoblepae
  7 centaur warriors
  7 hydras
  An ogre mage (D:15)
  2 merfolk avatars
  2 merfolk aquamancers (Shoals:1)
  A satyr (Shoals:2)
  11 death yaks
  6 two-headed ogres
  A death knight (D:12)
  3 orc high priests (Orc:2)
  Urug (D:13)
  Sonja (Orc:1)
  A fire crab (shapeshifter) (D:13)
  A skeletal warrior (D:12)
  7 sea snakes
  2 wizards (Gauntlet)
  24 harpies
  6 orc sorcerers
  6 orc knights
  22 ugly things
  A wolf spider (D:15)
  12 manticores
  9 fauns
  2 cyclopes
  An oklob plant (Orc:1)
  A manticore (shapeshifter) (D:13)
  10 black mambas
  A black mamba (shapeshifter) (D:13)
  4 water nymphs
  6 elephants (Lair:4)
  3 merfolk sirens
  2 ice statues (IceCv)
  Maggie (D:6)
  10 cane toads
  3 unseen horrors
  A rime drake (Lair:5)
  2 efreet
  10 komodo dragons
  A kobold demonologist (D:12)
  Psyche (D:9)
  8 trolls
  17 merfolk
  A polar bear (Lair:6)
  6 wind drakes
  13 slime creatures
  Prince Ribbit (D:6)
  Grinder (D:4)
  2 raiju (Gauntlet)
  6 blink frogs
  5 snapping turtles
  A jumping spider (shapeshifter) (D:15)
  Sigmund (D:4)
  2 centaur simulacra
  8 wraiths
  6 water elementals
  36 yaks
  3 basilisks
  3 wyverns
  Eustachio (D:4)
  A death yak simulacrum (IceCv)
  3 vampire mosquitoes (D:12)
  5 steam dragons
  Edmund (D:5)
  5 nagas (Lair:2)
  2 wargs
  An acid dragon (D:10)
  Duvessa (D:6)
  22 water moccasins
  18 orc warriors
  An ice beast (D:6)
  6 black bears
  9 ogres
  8 centaurs
  6 wolves (Lair:6)
  2 phantoms
  15 bullfrogs
  4 gnoll sergeants
  3 scorpions (D:4)
  16 wights
  Dowan (D:6)
  An elephant simulacrum (IceCv)
  13 killer bees
  A vampire bat (Lair:3)
  An electric eel (D:6)
  7 howler monkeys
  A lava snake (D:7)
  12 orc priests
  A jelly (D:5)
  4 hounds
  Crazy Yiuf (D:2)
  Jessica (D:2)
  4 iguanas (D:5)
  25 orc wizards
  Natasha (twice) (D:2)
  A polar bear simulacrum (IceCv)
  A mummy (D:10)
  27 gnolls
  7 adders
  A shadow imp (Gauntlet)
  16 white imps
  2 worms (D:3)
  3 dart slugs
  84 orcs
  11 ball pythons
  9 endoplasms
  5 giant cockroaches
  13 goblins
  8 hobgoblins
  8 jackals
  4 quokkas
  14 bats
  A frilled lizard (D:2)
  5 kobolds
  A kobold skeleton (D:3)
  5 rats
  2 tentacles (Shoals:2)
767 creatures vanquished.

Vanquished Creatures (collateral kills)
  Roxanne (D:14)
  The ghost of HilariousDeathArtist the Fighter, a journeyman OgBr of the Shining One (Lair:1)
  A minotaur (Lair:1)
  A hydra (Lair:6)
  2 fauns (Shoals:2)
  A merfolk siren (Lair:2)
  A cane toad (Lair:1)
  A freezing wraith (IceCv)
  A merfolk (Lair:2)
  A wyvern (Lair:6)
  A water moccasin (Lair:1)
12 creatures vanquished.

Vanquished Creatures (others)
  A merfolk siren (Shoals:1)
  A golden eye (shapeshifter) (D:13)
  2 orc priests (Orc:2)
  An orc wizard (D:8)
  An orc (D:6)
  79 fungi
  78 plants
  3 tentacles (Shoals:2)
166 creatures vanquished.

Grand Total: 945 creatures vanquished

Notes
Turn   | Place    | Note
-------+----------+-------------------------------------------
     0 | D:1      | jejorda2 the Merfolk Berserker began the quest for the Orb.
     0 | D:1      | Reached XP level 1. HP: 18/18 MP: 1/1
   151 | D:1      | Reached XP level 2. HP: 24/24 MP: 2/2
   392 | D:1      | Reached XP level 3. HP: 20/29 MP: 3/3
   475 | D:1      | Reached ** piety under Trog
   576 | D:1      | Reached skill level 5 in Polearms
  1130 | D:2      | Found a faded altar of an unknown god.
  1333 | D:2      | Found a runed translucent door.
  1334 | D:2      | Noticed Crazy Yiuf
  1341 | D:2      | Killed Crazy Yiuf
  1342 | D:2      | Reached XP level 4. HP: 37/37 MP: 4/4
  1751 | D:2      | Noticed Jessica
  1755 | D:2      | Killed Jessica
  1756 | D:2      | Reached XP level 5. HP: 42/42 MP: 5/5
  1821 | D:2      | Noticed Natasha
  1830 | D:2      | Killed Natasha
  1831 | D:2      | Reached skill level 6 in Polearms
  1923 | D:2      | Noticed Natasha
  1932 | D:2      | Killed Natasha
  2221 | D:3      | Found Qublip's Book Shop.
  2355 | D:3      | Reached *** piety under Trog
  2890 | D:3      | Reached XP level 6. HP: 49/49 MP: 6/6
  3059 | D:3      | Noticed a +0 hand axe
  3059 | D:3      | Noticed a +0 dagger
  3060 | D:3      | Found a hide-covered altar of Uskayaw.
  3243 | D:3      | Found an ornate altar of the Wu Jian Council.
  3318 | D:3      | Found a runed translucent door.
  3318 | D:3      | Noticed a human
  3323 | D:3      | Found a basalt altar of Yredelemnul.
  3471 | D:4      | Noticed Eustachio
  3528 | D:4      | Killed Eustachio
  3529 | D:4      | Reached skill level 5 in Fighting
  3529 | D:4      | Reached skill level 7 in Polearms
  3533 | D:4      | Reached XP level 7. HP: 56/56 MP: 7/7
  3718 | D:4      | Noticed Grinder
  3726 | D:4      | Killed Grinder
  3727 | D:4      | Reached skill level 8 in Polearms
  4049 | D:4      | Noticed Sigmund
  4072 | D:4      | Killed Sigmund
  4073 | D:4      | Reached skill level 9 in Polearms
  4073 | D:4      | Reached XP level 8. HP: 64/64 MP: 8/8
  4224 | D:4      | Found Xeuf's Armour Shop.
  4245 | D:4      | Found Beinuq's Distillery.
  4253 | D:4      | Bought a potion of might for 52 gold pieces
  4253 | D:4      | Bought a potion of curing for 39 gold pieces
  4522 | D:4      | Found an iron altar of Okawaru.
  4522 | D:4      | Found a bloodstained altar of Trog.
  4909 | D:5      | Entered Level 5 of the Dungeon
  5255 | D:5      | Reached skill level 10 in Polearms
  5439 | D:5      | Found a transporter.
  5441 | D:5      | Noticed zhov's ghost (novice MiFi)
  5508 | D:5      | Found a transporter.
  5559 | D:5      | Noticed Edmund
  5569 | D:5      | Killed Edmund
  5677 | D:6      | Found a shadowy altar of Dithmenos.
  5789 | D:6      | Reached skill level 11 in Polearms
  5791 | D:6      | Reached **** piety under Trog
  5954 | D:6      | Noticed Maggie
  5960 | D:6      | Killed Maggie
  5961 | D:6      | Reached skill level 12 in Polearms
  5961 | D:6      | Reached XP level 9. HP: 69/69 MP: 9/9
  6016 | D:6      | Reached skill level 5 in Armour
  6230 | D:6      | Noticed Prince Ribbit
  6241 | D:6      | Killed Prince Ribbit
  6242 | D:6      | Reached skill level 13 in Polearms
  6382 | D:6      | Found a glowing golden altar of the Shining One.
  6389 | D:6      | Noticed Duvessa
  6389 | D:6      | Noticed Dowan
  6398 | D:6      | Killed Duvessa
  6400 | D:6      | Killed Dowan
  6419 | D:6      | Found a white marble altar of Elyvilon.
  6512 | D:6      | You are sucked into a shaft and drop 2 floors!
  6546 | D:8      | Reached skill level 14 in Polearms
  6556 | D:8      | Reached XP level 10. HP: 76/76 MP: 10/10
  6650 | D:8      | Reached skill level 15 in Polearms
  6991 | D:8      | Found a hazy altar of Hepliaklqana.
  6992 | D:8      | Found a shimmering altar of Xom.
  6993 | D:8      | Noticed a spectral ugly thing
  7215 | D:8      | Reached skill level 16 in Polearms
  7215 | D:8      | Found a staircase to the Lair.
  7218 | D:8      | Reached skill level 5 in Dodging
  7536 | D:7      | Found a staircase to the Ecumenical Temple.
  7614 | D:7      | Reached ***** piety under Trog
  8162 | D:7      | Found Tytytt's Book Boutique.
  8394 | D:6      | Found a stormy altar of Qazlal.
  8652 | Lair:1   | Entered Level 1 of the Lair of Beasts
  8699 | Lair:1   | Found a runed translucent gate.
  8700 | Lair:1   | Found a runed translucent gate.
  8700 | Lair:1   | Found a runed translucent gate.
  8713 | Lair:1   | Noticed a cane toad
  8713 | Lair:1   | Noticed a minotaur
  8713 | Lair:1   | Noticed HilariousDeathArtist's ghost (journeyman OgBr)
  8815 | Lair:1   | Reached skill level 1 in Evocations
  8826 | Lair:1   | Reached XP level 11. HP: 51/81 MP: 11/11
  9014 | Lair:1   | Identified the +1 pair of gloves of the Earth {Harm rElec
                  | rCorr}
  9028 | Lair:1   | Reached skill level 17 in Polearms
  9563 | Lair:1   | Killed HilariousDeathArtist's ghost
  9568 | Lair:1   | Killed a minotaur
  9868 | Lair:2   | Reached skill level 5 in Evocations
  9993 | Lair:2   | Reached skill level 18 in Polearms
 10336 | Lair:2   | Noticed a seven-headed hydra
 10360 | Lair:2   | Killed a seven-headed hydra
 10795 | Lair:2   | Found a staircase to the Snake Pit.
 10844 | Lair:2   | Reached skill level 19 in Polearms
 10914 | Lair:2   | Reached XP level 12. HP: 48/88 MP: 12/12
 11102 | Lair:2   | Found a staircase to the Shoals.
 11459 | Lair:2   | Noticed a death yak
 11459 | Lair:2   | Noticed a death yak
 11478 | Lair:2   | Noticed a death yak
 11480 | Lair:2   | Killed a death yak
 11481 | Lair:2   | Reached skill level 1 in Throwing
 11483 | Lair:2   | Noticed a death yak
 11484 | Lair:2   | Noticed a death yak
 11492 | Lair:2   | Killed a death yak
 11493 | Lair:2   | Reached skill level 20 in Polearms
 11497 | Lair:2   | Killed a death yak
 11510 | Lair:2   | Killed a death yak
 11516 | Lair:2   | Killed a death yak
 11730 | Lair:3   | Found a frozen archway.
 11767 | IceCv    | Entered an ice cave
 11842 | IceCv    | Found a transporter.
 11849 | IceCv    | Found a transporter.
 12530 | Lair:3   | Noticed an eight-headed hydra
 12552 | Lair:3   | Killed an eight-headed hydra
 12553 | Lair:3   | Reached skill level 5 in Throwing
 13245 | Lair:4   | Reached XP level 13. HP: 96/101 MP: 13/13
 13335 | Lair:4   | Reached skill level 10 in Fighting
 14438 | Lair:5   | Found a staircase to the Slime Pits.
 14984 | Lair:6   | Entered Level 6 of the Lair of Beasts
 15753 | Lair:6   | Reached skill level 10 in Throwing
 15753 | Lair:6   | Reached XP level 14. HP: 116/116 MP: 14/14
 16549 | D:9      | Noticed Psyche
 16557 | D:9      | Killed Psyche
 17463 | D:10     | Entered Level 10 of the Dungeon
 17609 | D:10     | Found a snail-covered altar of Cheibriados.
 18004 | D:10     | Found a staircase to the Orcish Mines.
 18232 | D:10     | Received a gift from Trog
 19067 | D:12     | Found a portal to a secret trove of treasure.
 19136 | D:12     | Found a gate leading to a gauntlet.
 19157 | Gauntlet | Entered a Gauntlet
 19157 | Gauntlet | Found a transporter.
 19157 | Gauntlet | Found a transporter.
 19168 | Gauntlet | Found a transporter.
 19173 | Gauntlet | Found a transporter.
 19181 | Gauntlet | Found a transporter.
 19185 | Gauntlet | Found a transporter.
 19194 | Gauntlet | Found a transporter.
 19214 | Gauntlet | Found a transporter.
 19231 | Gauntlet | Found a transporter.
 19235 | Gauntlet | Found a transporter.
 19246 | Gauntlet | Found a transporter.
 19247 | Gauntlet | Found a transporter.
 19454 | Gauntlet | Identified the -1 cloak of Parts Unknown {rElec rPois Str-3
                  | SInv}
 19544 | Gauntlet | Identified the +1 scale mail of Dramatic Exits {rPois Str+4
                  | Dex+5}
 19566 | Gauntlet | Identified the +1 helmet of Greater Demons {rN+ rCorr}
 19661 | D:12     | Identified the +0 chain mail of Starshine {rElec rF++ Will-
                  | rCorr}
 20981 | D:12     | Identified the +1 robe of Pan-Flutes {rPois}
 21247 | D:13     | Reached XP level 15. HP: 106/126 MP: 15/15
 21347 | D:13     | Noticed Urug
 21356 | D:13     | Killed Urug
 21410 | D:13     | Received a gift from Trog
 21456 | D:13     | Identified the +2 robe of Entitlement {Dex+2}
 21595 | D:13     | Found a gate to the Vaults.
 21770 | D:14     | Noticed Nessos
 21891 | D:14     | Killed Nessos
 21994 | D:14     | Identified the +10 short sword "Oclan" {vorpal, Fly Dex+6
                  | SInv}
 22000 | D:14     | Noticed Josephine
 22018 | D:14     | Killed Josephine
 22117 | D:14     | Noticed Roxanne
 22367 | D:14     | Found an iron altar of Okawaru.
 23057 | D:14     | Killed Roxanne
 23115 | D:15     | Entered Level 15 of the Dungeon
 23142 | D:15     | Reached skill level 15 in Fighting
 23364 | D:15     | Received a gift from Trog
 23908 | D:15     | Found a staircase to the Depths.
 24299 | Orc:1    | Entered Level 1 of the Orcish Mines
 24330 | Orc:1    | Noticed Snorg
 24335 | Orc:1    | Killed Snorg
 24646 | Orc:2    | Entered Level 2 of the Orcish Mines
 24686 | Orc:1    | Noticed Sonja
 24690 | Orc:1    | Killed Sonja
 24691 | Orc:1    | Reached XP level 16. HP: 136/136 MP: 16/16
 24741 | Orc:1    | Found Rorriem's Book Shoppe.
 25347 | Orc:2    | Found a staircase to the Elven Halls.
 25485 | Orc:2    | Reached skill level 15 in Throwing
 25814 | Orc:2    | Found Koeloaj's Antique Weapon Shop.
 25814 | Orc:2    | Found Ufymmant's Weapon Shop.
 25816 | Orc:2    | Found Emad's Assorted Antiques.
 25816 | Orc:2    | Found Ivo Juwo's Weapon Emporium.
 25885 | Orc:2    | Bought 4 javelins for 51 gold pieces
 25885 | Orc:2    | Bought 5 javelins for 64 gold pieces
 26143 | Shoals:1 | Entered Level 1 of the Shoals
 26359 | Shoals:1 | Reached skill level 1 in Stealth
 26604 | Shoals:1 | Noticed Nikola
 26621 | Shoals:1 | Killed Nikola
 26621 | Shoals:1 | Received a gift from Trog
 27329 | Shoals:2 | Found Miots's Book Shoppe.
 27725 | Shoals:2 | Noticed a kraken
 27737 | Shoals:2 | Killed a kraken
 28400 | Shoals:3 | Reached skill level 10 in Armour
 28550 | Shoals:3 | Reached XP level 17. HP: 137/144 MP: 17/17
 28763 | Shoals:3 | Found a runed translucent door.
 29183 | Shoals:3 | Noticed Liimbo's ghost (adept FoWn)
 29202 | Shoals:3 | Killed Liimbo's ghost
 29207 | Shoals:3 | Identified the ring "Rotere" {*Slow rN+ Str+4 Dex+6 SInv}
 29269 | Shoals:4 | Entered Level 4 of the Shoals
 29393 | Shoals:4 | Noticed Mara
 29415 | Shoals:4 | Noticed jejorda2's illusion
 29418 | Shoals:4 | Annihilated by jejorda2's illusion (illusionary)

Illustrated notes

Levels and vault maps discovered:
D:1:      saegor_arrival_simple_c, layout_rooms
D:2:      layout_loops_ring, chequers_ecumenical_altar_simple_redux,
          kennysheep_generic_room_5, uniq_crazy_yiuf_cottage, uniq_jessica,
          uniq_natasha
D:3:      minmay_razor_zed, layout_basic, dk_yredelemnul_ordeal,
          dancing_weapons_uskayaw, nzn_wu_jian_council_hall, serial_shops, shop
D:4:      layout_gridville, grunt_temple_overflow_bloody_war, serial_shops,
          nicolae_stop_n_shop_1, nicolae_shop_stone, nrook_campfire,
          uniq_grinder, uniq_eustachio, uniq_sigmund
D:5:      layout_gridville, gammafunk_ghost_mausoleum, uniq_edmund
D:6:      layout_basic, nicolae_elyvilon_peaceful_grove,
          mainiacjoe_overflow_catch_the_wave, tso_metal_star,
          kennysheep_small_square, uniq_duvessa, uniq_maggie,
          uniq_prince_ribbit1
D:7:      layout_loops_ring, minmay_temple_entry_junction, serial_shops,
          nicolae_shop_waterfront, kennysheep_crisscross
D:8:      layout_basic, regret_index_temple_of_mockery,
          due_lair_maze_entry_diamond, grunt_decor_junction
D:9:      layout_basic, uniq_psyche
D:10:     layout_basic, slow_altar_1, hiddenorc2_lemuel
D:11:     layout_cave_pools
D:12:     minmay_inside_and_out, layout_stronghold, nicolae_trove_entry_columns,
          gauntlet_entry_generic
D:13:     layout_big_octagon, david_vaults_2, uniq_urug
D:14:     layout_stronghold, hex_tiny, okawaru_altar_gauntlet_db, uniq_nessos,
          uniq_josephine, uniq_roxanne
D:15:     hangedman_depths_entry_try_elsewhere_first, layout_irregular_city
Lair:1:   layout_loops_ring, maelrawn_ghost_gauntlet_escape, grunt_megastairs_4
Lair:2:   layout_gridlike, elwin_shoals_entry_stream,
          minmay_snake_entry_guardpost_medium, st_stairs_9, grunt_megastairs_2,
          serial_bayou_shore_b
Lair:3:   layout_regular_city, portal_ice_cave_entry_imps, roderic_batcave
Lair:4:   layout_roguey, minivault_24
Lair:5:   layout_regular_city, slime_entry_1, lemuel_fruit_tree,
          infiniplex_staircase_pool
Lair:6:   evilmike_catoblepas_cave, layout_small_grid, serial_bayou_shore_b
Shoals:1: layout_shoals, uniq_nikola
Shoals:2: layout_shoals, serial_shops, nicolae_stop_n_shop_1
Shoals:3: layout_shoals, ebering_ghost_inner_flame
Shoals:4: shoals_end_hellmonk_lost_city, uniq_mara, uniq_donald, uniq_bai_suzhen
Orc:1:    layout_caves, serial_shops, shop, mines3_lemuel, uniq_snorg,
          uniq_sonja
Orc:2:    st_orc_elflike, layout_diamond_mine

Skill      XL: |  1  2  3  4  5  6  7  8  9 10 11 12 13 14 15 16 |
---------------+-------------------------------------------------+-----
Polearms       | 5 6 7 9 12 14 16 19 20 | 20.1
Fighting       | 4 5 6 9 12 14 15 16 | 16.0
Armour         | 2 3 4 5 6 8 10 | 10.5
Dodging        | 6 |  6.6
Evocations     | 2 6 |  6.3
Throwing       | 6 10 12 14 16 | 16.0
Stealth        | 4 |  4.0

Action                   |  1- 3 |  4- 6 |  7- 9 | 10-12 | 13-15 | 16-18 || total
-------------------------+-------+-------+-------+-------+-------+-------++-------
Melee: Spear             |   154 |   144 |    59 |       |       |       ||   357
       Punch             |     1 |     4 |       |       |       |       ||     5
       Halberd           |       |       |   185 |   562 |       |       ||   747
       Trident           |       |       |       |    26 |       |       ||    26
       Glaive            |       |       |       |    43 |  1197 |   608 ||  1848
Throw: Stone             |       |       |     1 |     1 |       |       ||     2
       Javelin           |       |       |       |     2 |       |     2 ||     4
       Dart              |       |       |       |       |    14 |     6 ||    20
       Boomerang         |       |       |       |       |     4 |    39 ||    43
       Throwing net      |       |       |       |       |     1 |       ||     1
Invok: Berserk           |     1 |     3 |     6 |    10 |    14 |     8 ||    42
       Trog's Hand       |       |       |     3 |     3 |     3 |     2 ||    11
       Brothers in Arms  |       |       |       |     3 |     2 |       ||     5
Evoke: Wand              |       |       |       |       |     1 |       ||     1
       Phial of floods   |       |       |       |       |       |     1 ||     1
  Use: Scroll            |       |       |    17 |     9 |    11 |       ||    37
       Potion            |       |       |       |       |     2 |       ||     2
 Stab: Distracted        |       |     1 |       |       |       |       ||     1
       Sleeping          |       |     1 |       |       |       |       ||     1
       Petrified         |       |       |       |       |     3 |       ||     3
       Petrifying        |       |       |       |       |     2 |       ||     2
Armor: Animal skin       |    18 |     4 |       |       |       |       ||    22
       Scale mail        |       |    23 |    21 |       |       |       ||    44
       Plate armour      |       |       |    34 |       |   260 |   313 ||   607
       Chain mail        |       |       |     3 |       |       |       ||     3
       Swamp dragon scal |       |       |    25 |   204 |   184 |       ||   413
Dodge: Dodged            |    65 |    52 |    65 |   224 |   409 |   255 ||  1070

Table legend: (Time is in decaauts)
 A = Elapsed time spent in this place.
 B = Non-inter-level travel time spent in this place.
 C = Inter-level travel time spent in this place.
 D = Time resting spent in this place.
 E = Time spent auto-exploring this place.
 F = Levels seen in this place.
 G = Mean time per level.
                   A        B        C        D        E       F      G
               +--------+--------+--------+--------+--------+-----+--------+
         Total |  28414 |  26386 |   2028 |   2461 |  18573 |  29 |  979.8 |
       Dungeon |  15773 |  14524 |   1249 |   1081 |  10755 |  15 | 1051.5 |
          Lair |   7415 |   6974 |    441 |    790 |   4969 |   6 | 1235.8 |
        Shoals |   2710 |   2536 |    174 |    243 |   1693 |   4 |  677.5 |
  Orcish Mines |   1629 |   1467 |    162 |     34 |   1003 |   2 |  814.5 |
      Ice Cave |    437 |    437 |      0 |    309 |      3 |   1 |  437.0 |
      Gauntlet |    449 |    449 |      0 |      3 |    149 |   1 |  449.0 |
               +--------+--------+--------+--------+--------+-----+--------+

Top non-repeatable levels by time:
  Lair:2: 1619 daAuts
  Lair:1: 1572 daAuts
     D:4: 1431 daAuts
  Lair:6: 1388 daAuts
     D:3: 1319 daAuts
    D:14: 1312 daAuts
    D:12: 1298 daAuts
     D:6: 1253 daAuts
     D:8: 1143 daAuts
     D:2: 1105 daAuts
  Lair:3: 1098 daAuts
     D:1: 1089 daAuts
    D:10: 1062 daAuts
Shoals:1: 1040 daAuts
   Orc:2: 972 daAuts
